 Dungeon Crawl Stone Soup version 0.20.1-1-g8b1a95d (webtiles) character file.

7184 wolfsongas the Cruncher (level 10, -10/98 HPs)
             Began as a Demonspawn Gladiator on Aug 1, 2017.
             Was a Believer of Ashenzari.
             Mangled by Urug
             ... wielding a +2 antimagic halberd
              (15 damage)
             ... on level 10 of the Dungeon.
             The game lasted 00:34:13 (10660 turns).

wolfsongas the Cruncher (Demonspawn Gladiator)     Turns: 10660, Time: 00:34:13

Health: -10/98     AC: 14    Str: 20    XL:     10   Next: 86%
Magic:  0/19       EV: 11    Int: 11    God:    Ashenzari [**....]
Gold:   570        SH:  0    Dex:  9    Spells: 9/9 levels left

rFire    + . .     SeeInvis +   a - +4 quarterstaff (flame)
rCold    + + +     Gourm    .   (shield currently unavailable)
rNeg     . . .     Faith    .   g - +2 scale mail {rC+}
rPois    +         Spirit   +   c - +0 helmet (curse)
rElec    .         Reflect  .   i - +0 cloak
rCorr    .         Harm     .   (no gloves)
MR       .....                  (no boots)
Stlth    ..........             r - amulet of guardian spirit
Regen    0.3/turn               l - ring of see invisible (curse)
MPRegen  0.2/turn               f - ring of Irrepressible Laughter {rPois rC+++ MP+9 Str+3 Dex-5}

@: no status effects
A: hooves 2, icy blue scales 1, fire resistance 1, powered by death 1, robust 2,
evolution 1
a: Curse Item, Scrying, Renounce Religion


You were on level 10 of the Dungeon.
You worshipped Ashenzari.
Ashenzari was pleased with you.
You were completely stuffed.

You visited 1 branch of the dungeon, and saw 10 of its levels.

You collected 570 gold pieces.

Inventory:

Hand Weapons
 a - a +4 quarterstaff of flaming (weapon)
Missiles
 d - 7 throwing nets (quivered)
Armour
 c - a cursed +0 helmet (worn)
 g - a +2 scale mail of cold resistance (worn)
 i - a +0 cloak (worn)
Jewellery
 f - the ring of Irrepressible Laughter (right hand) {rPois rC+++ MP+9 Str+3 Dex-5}
   (You found it on level 10 of the Dungeon)

   [ring of poison resistance]

   It affects your strength (+3).
   It affects your dexterity (-5).
   It renders you almost immune to cold.
   It protects you from poison.
   It affects your magic capacity (+9).
 l - a cursed ring of see invisible (left hand)
 r - an amulet of guardian spirit (around neck)
Wands
 s - a wand of acid (3/15)
 v - a wand of confusion (27/48)
 y - a wand of acid (10/15)
Scrolls
 b - 3 scrolls of fog
 m - a scroll of blinking
 o - 4 scrolls of amnesia
 p - 3 scrolls of enchant armour
 w - a scroll of identify
Potions
 h - a potion of mutation
 q - 2 potions of cancellation
 t - 3 potions of curing
 u - a potion of magic
 x - a potion of brilliance
Books
 e - a book of Flames

   Spells                             Type                      Level
   a - Flame Tongue                   Conjuration/Fire             1
   b - Throw Flame                    Conjuration/Fire             2
   c - Conjure Flame                  Conjuration/Fire             3
   d - Inner Flame                    Hexes/Fire                   3
   e - Sticky Flame                   Conjuration/Fire             4
   f - Fireball                       Conjuration/Fire             5
Comestibles
 j - 9 bread rations
 k - 7 fruits
 n - 3 meat rations


   Skills:
 + Level 8.4 Fighting
 * Level 11.3 Staves
 - Level 1.7 Throwing
 + Level 7.6 Armour
 - Level 2.6 Dodging
 - Level 0.2 Stealth


You had 9 spell levels left.
You didn't know any spells.

Dungeon Overview and Level Annotations

Branches:
Dungeon (10/15)            Temple (0/1) D:5            Lair (0/6) D:9
    Orc: D:9-12

Altars:
Ashenzari
Cheibriados
Dithmenos
Elyvilon
Fedhas
Hepliaklqana
Makhleb
Ru
Sif Muna
Trog
Uskayaw
Vehumet
Yredelemnul

Annotations:
D:10 Urug


Innate Abilities, Weirdness & Mutations

You have hoof-like feet.
You are partially covered in icy blue scales. (AC +2)
Your flesh is heat resistant. (rF+)
You regenerate a little health from kills.
You are very robust. (+20% HP)
You evolve.


Message History

Urug squints and says, "You're the ugliest harpy I ever saw."
Urug hits you with an antimagic halberd!!
* * * LOW HITPOINT WARNING * * *
The quokka bites you but does no damage.
You hit Urug but do no damage. Your kick misses Urug.
Urug is severely wounded.
The quokka bites you but does no damage.
Urug hits you with an antimagic halberd.
* * * LOW HITPOINT WARNING * * *
You closely miss Urug. You kick Urug.
Urug is severely wounded.
The quokka barely misses you.
You sock Urug! You burn Urug. Your kick misses Urug.
Urug is almost dead.
Urug completely misses you.
The quokka bites you but does no damage.
You closely miss Urug.
Urug is almost dead.
Urug hits you with an antimagic halberd!
You die...

* ####+# , ,
* ##+## *
#....
###+######*
#.... ,
#......... *
#.... , *
,+.........
+.... , ***
#or.......
#.... ,
,#.@.......
#.... *
##'#######
#.... , * #.#
#.... * #.##
###.. , #..#
##..# , ##.#
#.... , *
###'###### **
+.<.. ,
#........#*
#.... ,
,#........#,,
*#....


You could see Urug and a quokka.

Vanquished Creatures
  A two-headed ogre (D:8)
  The ghost of antares the Spear-Bearer, a novice MfGl of Elyvilon (D:9)
  Pikel (D:8)
  A troll (D:10)
  A slime creature (D:7)
  Sigmund (D:7)
  A wyvern (D:9)
  3 wargs (D:8)
  4 orc warriors
  An ice beast (D:5)
  4 sky beasts
  A phantom (D:4)
  7 ogres
  2 centaurs
  A crocodile (D:10)
  A big kobold (D:9)
  9 bullfrogs
  3 scorpions
  A howler monkey (D:6)
  4 crimson imps
  3 hounds
  2 centaur zombies
  A jelly (D:10)
  11 orc wizards
  3 centaur skeletons
  5 orc priests
  4 bullfrog skeletons
  4 iguanas
  Crazy Yiuf (D:2)
  7 worker ants
  2 hound skeletons
  A howler monkey zombie (D:6)
  Robin (D:3)
  5 adders
  4 gnolls (D:4)
  A shadow imp (D:7)
  An adder zombie (D:7)
  4 adder skeletons
  3 worms
  4 dart slugs
  7 leopard geckos
  38 orcs
  8 bats
  7 giant cockroaches
  16 goblins
  14 hobgoblins
  7 jackals
  11 kobolds
  6 quokkas
  A ball python (D:2)
  A ball python zombie (D:5)
  4 frilled lizards
  11 rats
246 creatures vanquished.

Vanquished Creatures (others)
  A sky beast (D:8)
1 creature vanquished.

Grand Total: 247 creatures vanquished

Notes
Turn   | Place    | Note
-------+----------+-------------------------------------------
     0 | D:1      | wolfsongas the Demonspawn Gladiator began the quest for the Orb.
     0 | D:1      | Reached XP level 1. HP: 16/16 MP: 1/1
     0 | D:1      | Noticed an iron dragon
     0 | D:1      | Noticed a golden dragon
     0 | D:1      | Noticed a green draconian
     1 | D:1      | Noticed an ice dragon
     3 | D:1      | Noticed a tentacled monstrosity
     3 | D:1      | Noticed a tentacled monstrosity
     8 | D:1      | Noticed a golden dragon
    10 | D:1      | Noticed an orb of fire
    12 | D:1      | Noticed an ice dragon
    12 | D:1      | Noticed an orb of fire
    13 | D:1      | Noticed a large abomination
    14 | D:1      | Noticed a tentacled monstrosity
    14 | D:1      | Noticed a green draconian
    16 | D:1      | Noticed a black draconian
    16 | D:1      | Noticed an ice dragon
    18 | D:1      | Noticed a tentacled monstrosity
    18 | D:1      | Noticed an iron dragon
    21 | D:1      | Noticed a shadow dragon
   262 | D:1      | Reached skill level 3 in Staves
   346 | D:1      | Gained mutation: You have large cloven feet. [demonic ancestry]
   346 | D:1      | Reached XP level 2. HP: 22/22 MP: 2/2
  1262 | D:1      | Gained mutation: You regenerate a little health from kills. [demonic ancestry]
  1262 | D:1      | Reached XP level 3. HP: 26/27 MP: 3/3
  1435 | D:2      | Reached skill level 1 in Armour
  1441 | D:2      | Reached skill level 4 in Staves
  1490 | D:2      | Found a runed door.
  1496 | D:2      | Noticed Crazy Yiuf
  1504 | D:2      | Killed Crazy Yiuf
  1504 | D:2      | Reached XP level 4. HP: 26/34 MP: 4/4
  1836 | D:2      | Found a blossoming altar of Fedhas.
  1962 | D:3      | Noticed Robin
  2076 | D:3      | Noticed a bullfrog
  2083 | D:3      | Killed a bullfrog
  2083 | D:3      | Gained mutation: Your flesh is heat resistant. (rF+) [demonic ancestry]
  2083 | D:3      | Reached XP level 5. HP: 30/39 MP: 5/5
  2272 | D:3      | Found a burning altar of Makhleb.
  2358 | D:3      | Reached skill level 5 in Staves
  2401 | D:3      | Found a shattered altar of Ashenzari.
  2455 | D:3      | Killed Robin
  2455 | D:3      | Reached XP level 6. HP: 44/47 MP: 6/6
  3068 | D:3      | Found a radiant altar of Vehumet.
  3154 | D:3      | Became a worshipper of Ashenzari the Shackled
  3265 | D:4      | Found a snail-covered altar of Cheibriados.
  3319 | D:4      | Found a bloodstained altar of Trog.
  3631 | D:4      | Gained mutation: You have hoof-like feet. [demonic ancestry]
  3631 | D:4      | Reached XP level 7. HP: 35/53 MP: 7/7
  3777 | D:4      | Reached skill level 6 in Staves
  4058 | D:5      | Entered Level 5 of the Dungeon
  4308 | D:5      | Found a staircase to the Ecumenical Temple.
  4776 | D:5      | Gained mutation: Your spells are a little harder to cast, but a little more powerful. [potion of mutation]
  4776 | D:5      | Gained mutation: Your skin changes colour to match your surroundings (Stealth+). [potion of mutation]
  5071 | D:5      | Reached XP level 8. HP: 61/61 MP: 8/8
  5281 | D:5      | Reached skill level 7 in Staves
  5491 | D:6      | Found a hazy altar of Hepliaklqana.
  5518 | D:6      | Reached skill level 5 in Fighting
  5792 | D:6      | Found a bloodstained altar of Trog.
  6183 | D:6      | Found a basalt altar of Yredelemnul.
  6227 | D:6      | Reached skill level 8 in Staves
  6254 | D:7      | Found a shadowy altar of Dithmenos.
  6461 | D:7      | Reached * piety under Ashenzari
  6512 | D:7      | Noticed Sigmund
  6517 | D:7      | Killed Sigmund
  6517 | D:7      | Gained mutation: You are partially covered in icy blue scales. (AC +2) [demonic ancestry]
  6517 | D:7      | Reached XP level 9. HP: 69/69 MP: 9/9
  6536 | D:7      | Found a transporter.
  6549 | D:7      | Found a deep blue altar of Sif Muna.
  6561 | D:7      | Reached skill level 5 in Armour
  6712 | D:7      | Found a transporter.
  6760 | D:7      | Reached skill level 9 in Staves
  6833 | D:7      | Found a sacrificial altar of Ru.
  6835 | D:7      | Found a white marble altar of Elyvilon.
  7307 | D:7      | Lost mutation: Your spells are a little harder to cast, but a little more powerful. [potion of mutation]
  7307 | D:7      | Lost mutation: Your skin changes colour to match your surroundings (Stealth+). [potion of mutation]
  7307 | D:7      | Gained mutation: You are dopey. (Int -2) [potion of mutation]
  7307 | D:7      | Gained mutation: You are weak. (Str -2) [potion of mutation]
  7307 | D:7      | Gained mutation: You expend magic power (3 MP) to strengthen your wands. [potion of mutation]
  7307 | D:7      | Gained mutation: You are resistant to hostile enchantments. (MR+) [potion of mutation]
  7308 | D:7      | Lost mutation: You expend magic power (3 MP) to strengthen your wands. [potion of mutation]
  7308 | D:7      | Lost mutation: You are weak. (Str -2) [potion of mutation]
  7308 | D:7      | Lost mutation: You are dopey. (Int -2) [potion of mutation]
  7308 | D:7      | Lost mutation: You are resistant to hostile enchantments. (MR+) [potion of mutation]
  7308 | D:7      | Gained mutation: You are robust. (+10% HP) [potion of mutation]
  7308 | D:7      | Gained mutation: You are very robust. (+20% HP) [potion of mutation]
  7308 | D:7      | Gained mutation: You evolve. [potion of mutation]
  7933 | D:8      | Noticed Pikel
  7951 | D:8      | Killed Pikel
  7951 | D:8      | Reached skill level 10 in Staves
  8015 | D:9      | Noticed a two-headed ogre
  8033 | D:8      | Killed a two-headed ogre
  8033 | D:8      | Reached XP level 10. HP: 26/94 MP: 2/10
  8605 | D:9      | Found a staircase to the Lair.
  8640 | D:9      | Found a hide-covered altar of Uskayaw.
  9016 | D:9      | Noticed antares's ghost (novice MfGl)
  9580 | D:9      | Killed antares's ghost
  9580 | D:9      | Reached skill level 11 in Staves
 10097 | D:10     | Entered Level 10 of the Dungeon
 10257 | D:10     | Identified the ring of Irrepressible Laughter {rPois rC+++ MP+9 Str+3 Dex-5}
 10527 | D:10     | Reached ** piety under Ashenzari
 10640 | D:10     | Noticed Urug
 10657 | D:10     | HP: 4/98 [Urug/antimagic halberd (1)]
 10660 | D:10     | Mangled by Urug

Skill      XL: |  1  2  3  4  5  6  7  8  9 10 |
---------------+-------------------------------+-----
Staves         | 3 4 5 6 8 10 11 | 11.3
Armour         | 1 2 3 4 6 7 |  7.6
Fighting       | 3 4 5 7 8 |  8.4
Throwing       | |  1.7
Dodging        | |  2.6
Stealth        | |  0.2

Action                   |  1- 3 |  4- 6 |  7- 9 | 10-12 || total
-------------------------+-------+-------+-------+-------++-------
Melee: Quarterstaff      |   139 |   153 |   277 |   202 ||   771
       Kick              |    26 |    30 |    68 |    47 ||   171
Invok: Curse Item        |       |     1 |     1 |       ||     2
  Use: Scroll            |     6 |     6 |     9 |     2 ||    23
       Potion            |     2 |     2 |    10 |       ||    14
  Eat: Bread ration      |     1 |       |     2 |       ||     3
       Meat ration       |       |     1 |     1 |     3 ||     5
       Royal jelly       |       |       |     1 |       ||     1
Armor: Leather armour    |    19 |       |       |       ||    19
       Scale mail        |    66 |    70 |   143 |    86 ||   365
Dodge: Dodged            |   104 |    74 |   142 |   105 ||   425
